Cogmind - Beta 15 @@@ ROGUE MODE // 2025.05.28 @ 16:59:15 // Winter2022/Polymind Player: Figgis Result: Destroyed by G-47 Trooper with Particle Gun Performance ------------- Evolutions (3) 1500 Regions Visited (8) 1600 Robots Destroyed (46) 230 Value Destroyed (1550) 1550 Prototype IDs (12) 240 Alien Tech Used (0) 0 Bonus (3855) 3855 TOTAL SCORE: 8885 Bonus ------- Polymind Skill 3620 Follower Combat Kills 35 Entered Garrisons 200 Cogmind --------- Core Integrity 0/700 Matter 40/100 Energy 46/50 System Corruption 1% Temperature Warm (150) Movement Treading (160) Location -7/Factory Parts ------- > --- POWER (1) -------- (None) > --- PROPULSION (2) --- Light Treads Light Treads > --- UTILITY (3) ------ Improved Heat Sink Improved Light Armor Plating > --- WEAPON (2) ------- Gatling Laser Flak Gun > --- INVENTORY (1) ---- (None) Peak State ------------ > --- POWER ------------ Heavy Deuterium Engine > --- PROPULSION ------- Combat Antigrav System > --- UTILITY ---------- Advanced Launcher Guidance Computer Improved Target Analyzer Experimental Core Analyzer Improved Armor Integrity Analyzer EX Chip 1 EX Chip 1 EX Chip 1 EX Chip 1 EX Chip 1 EX Chip 1 EX Chip 1 EX Chip 1 EX Chip 1 EX Chip 1 EX Chip 2 EX Chip 2 EX Chip 2 EX Chip 2 EX Chip 2 EX Chip 2 EX Chip 2 EX Chip 2 > --- WEAPON ----------- AWS/EX-DEC > --- INVENTORY -------- Deploy-a-Sentry [Rating: 99] Favorites ----------- Power Improved Deuterium Engine Engine Improved Deuterium Engine Propulsion Light Treads Treads Light Treads Leg Aluminum Leg Hover Unit Combat Antigrav System Utility EX Chip 1 Device Improved Heat Sink Processor Advanced Launcher Guidance Computer Hackware EX Chip 1 Protection Improved Light Armor Plating Weapon Gatling Laser Energy Gun Gatling Laser Ballistic Gun Flak Gun Build | -11 -10 -10 -10 -9 -8 -7 -7 -7 ------- Run | Yrd Mat Min Exi Min Mat Fac Gar Fac Slots Evolved . | . . . . . . . . . Power . | . . . . . . . . . Propulsion . | . . . . . . . . . Utility . | . . . . . . . . . Weapon . | . . . . . . . . . Parts Attached . | . . . . . . . . . Power . | . . . . . . . . . Engine . | . . . . . . . . . Core . | . . . . . . . . . Reactor . | . . . . . . . . . Propulsion . | . . . . . . . . . Treads . | . . . . . . . . . Leg . | . . . . . . . . . Wheel . | . . . . . . . . . Hover . | . . . . . . . . . Flight . | . . . . . . . . . Utility . | . . . . . . . . . Device . | . . . . . . . . . Storage . | . . . . . . . . . Processor . | . . . . . . . . . Hackware . | . . . . . . . . . Protection . | . . . . . . . . . Artifact . | . . . . . . . . . Weapon . | . . . . . . . . . Energy Gun . | . . . . . . . . . Energy Cannon . | . . . . . . . . . Ballistic Gun . | . . . . . . . . . Ballistic Cannon . | . . . . . . . . . Launcher . | . . . . . . . . . Special Weapon . | . . . . . . . . . Impact Weapon . | . . . . . . . . . Slashing Weapon . | . . . . . . . . . Piercing Weapon . | . . . . . . . . . Special Melee Weapon . | . . . . . . . . . Unidentified Prototypes . | . . . . . . . . . Parts Lost 14 | . . . . . . 7 5 2 Power 2 | . . . . . . . 1 1 Propulsion 1 | . . . . . . . 1 . Utility 9 | . . . . . . 5 3 1 Weapon 2 | . . . . . . 2 . . Highest Loss Streak 7 | . . . . . . 7 3 1 To Critical Strikes . | . . . . . . . . . Average Backups . | . . . . . . . . . Power . | . . . . . . . . . Propulsion . | . . . . . . . . . Utility . | . . . . . . . . . Weapon . | . . . . . . . . . Tool/Special . | . . . . . . . . . Unused Backups 2 | . 1 . . . . . . 1 Power 1 | . 1 . . . . . . . Propulsion 1 | . . . . . . . . 1 Utility . | . . . . . . . . . Weapon . | . . . . . . . . . Tool/Special . | . . . . . . . . . Average Slot Usage (%) 94 | . 96 100 48 96 96 92 89 99 Engine 9 | . 15 16 1 3 3 3 9 12 Treads 9 | . . . . . . . 13 25 Leg 5 | . 31 33 . . . . . . Hover 1 | . . . 1 3 3 3 . . Device 13 | . 15 16 . . . . 19 24 Processor 5 | . . . 7 15 15 15 3 . Hackware 24 | . . . 34 69 69 65 11 . Protection 5 | . . . . . . . 9 12 Energy Gun 12 | . 31 33 1 3 3 3 10 12 Ballistic Gun 5 | . . . . . . . 9 12 Peak Build Rating 99 | . 8 8 99 99 99 99 71 23 Average Rating 45 | . 7 7 57 99 99 92 33 22 On Entrance 44 | . . 8 . 99 99 99 71 23 Naked Turns 53 | . 2 2 47 . . . 2 . Heaviest Build 23 | . 8 8 21 21 21 21 23 23 Greatest Support 40 | 3 20 20 21 21 21 21 40 40 Greatest Overweight (x) 2 | . 2 . . . . . 1 . Average Overweight (x) . | . . . . . . . . . Largest Inventory Capacity 2 | . 1 1 2 2 2 2 2 1 Average Capacity 1 | . . . 1 2 2 2 1 1 Most Carried 1 | . 1 . 1 1 1 1 1 1 Average Carried . | . . . . 1 1 1 . . Final Capacity 2 | . 1 . 2 2 2 2 1 1 Final Carried 1 | . . . 1 1 1 1 . . Class Distribution -------------------- 43% | Sentry 37% | Assembler 17% | Federalist Dominant Class ---------------- Federalist | -10/Materials Federalist | -10/Mines Assembler | -10/Exiles Assembler | -9/Mines Assembler | -8/Materials Assembler | -7/Factory Sentry | -7/Garrison Sentry | -7/Factory Resources | -11 -10 -10 -10 -9 -8 -7 -7 -7 ----------- Run | Yrd Mat Min Exi Min Mat Fac Gar Fac Matter Collected 62 | . . . . . . . 62 . Remotely . | . . . . . . . . . Salvage Created 1348 | . . . . 182 211 648 307 . Parts 80 | . . . . 9 22 31 12 6 Haulers Intercepted . | . . . . . . . . . Recyclers Shooed . | . . . . . . . . . Parts Field Recycled . | . . . . . . . . . Retrieved Matter . | . . . . . . . . . Parts Self-Destructed . | . . . . . . . . . Prevented . | . . . . . . . . . Kills | -11 -10 -10 -10 -9 -8 -7 -7 -7 ------- Run | Yrd Mat Min Exi Min Mat Fac Gar Fac Combat Hostiles Destroyed 39 | . . . . 4 10 14 9 2 Guns 37 | . . . . 3 10 13 9 2 AOE 1 | . . . . . . 1 . . Classes Destroyed 7 | . . . . 1 3 3 . . Operator 1 | . . . . . 1 . . . Watcher 6 | . . . . . . 6 . . Swarmer 20 | . . . . . 7 7 6 . Grunt 11 | . . . . 4 2 5 . . Sentry 3 | . . . . . . 1 2 . Hunter 2 | . . . . . 1 . 1 . Programmer 3 | . . . . . . 1 . 2 Best Kill Streak 8 | . . . . 3 8 6 4 1 Combat Bots Only 8 | . . . . 3 8 6 4 1 Max Kills in Single Turn 1 | . . . . 1 1 1 1 1 Gunslinging . | . . . . . . . . . Exploded 1 | . . . . . . 1 . . Melee . | . . . . . . . . . Uniques/NPCs Destroyed . | . . . . . . . . . Combat | -11 -10 -10 -10 -9 -8 -7 -7 -7 -------- Run | Yrd Mat Min Exi Min Mat Fac Gar Fac Hostile Shots Fired 277 | . . . . 2 20 79 151 25 Missed 94 | . . . . 2 7 31 50 4 Hits 183 | . . . . . 13 48 101 21 Melee 3 | . . . . . . . . 3 Projectile 180 | . . . . . 13 48 101 18 Critical Strikes 5 | . . . . . 1 2 2 . Damage Taken 2454 | . 17 . . . 177 763 1120 377 Core 749 | . 9 . . . 40 314 327 59 Absorbed by Shields . | . . . . . . . . . Core Remaining (%) 96 | 100 . . . 96 92 . . . Volleys Fired 43 | . . . . . . 10 22 11 Largest 2 | . . . . . . 2 2 2 Hottest 108 | . . . . . . 60 108 108 Shots Fired 151 | . . . . 8 24 54 43 22 Gun 151 | . . . . 8 24 54 43 22 Cannon . | . . . . . . . . . Launcher . | . . . . . . . . . Special . | . . . . . . . . . Kinetic 31 | . . . . . . . 20 11 Thermal 47 | . . . . . . 13 23 11 Explosive . | . . . . . . . . . Electromagnetic 73 | . . . . 8 24 41 . . Robot Hit Streak 21 | . . . . 5 5 21 9 7 Robot Miss Streak 12 | . . . . 1 4 2 12 5 Penetration Max . | . . . . . . . . . Secondary Targets 2 | . . . . . . . 2 . Max Gunslinging Chain 1 | . . . . . . . 1 . Autonomous 73 | . . . . 8 24 41 . . Shots Hit Robots 131 | . . . . 8 19 47 35 22 Core Hits 108 | . . . . 4 14 37 37 16 Critical Kills . | . . . . . . . . . Critical Parts Destroyed . | . . . . . . . . . Critical Strikes 6 | . . . . 1 1 4 . . Corrupt 6 | . . . . 1 1 4 . . Melee Attacks . | . . . . . . . . . Impact . | . . . . . . . . . Slashing . | . . . . . . . . . Piercing . | . . . . . . . . . Sneak Attacks . | . . . . . . . . . Combat Hostiles . | . . . . . . . . . Follow-up Attacks . | . . . . . . . . . Damage Inflicted 2977 | . . . . 203 483 1219 634 438 Guns 2847 | . . . . 203 412 1160 634 438 Cannons . | . . . . . . . . . Explosions 130 | . . . . . 71 59 . . Melee . | . . . . . . . . . Ramming . | . . . . . . . . . Kinetic 430 | . . . . . . . 232 198 Thermal 757 | . . . . . . 115 402 240 Explosive 71 | . . . . . 71 . . . Electromagnetic 1719 | . . . . 203 412 1104 . . Impact . | . . . . . . . . . Slashing . | . . . . . . . . . Piercing . | . . . . . . . . . Highest Corruption 1 | . . . . . . . . 1 Average Corruption 1 | . . . . . . . . 1 Corruption Purged . | . . . . . . . . . Corruption Blocked . | . . . . . . . . . Overload Shots . | . . . . . . . . . Overflow Damage 31 | . . . . . 31 . . . Projectiles . | . . . . . . . . . Explosions 31 | . . . . . 31 . . . Melee . | . . . . . . . . . Knockbacks . | . . . . . . . . . Impact . | . . . . . . . . . Kinetic . | . . . . . . . . . Secondary . | . . . . . . . . . Self-Inflicted Damage 42 | . . . . . . 42 . . Shots 1 | . . . . . . 1 . . Rammed . | . . . . . . . . . Targets Rammed 1 | . . 1 . . . . . . Kicked 1 | . . 1 . . . . . . Crushed . | . . . . . . . . . Highest Temperature 141 | . . . . . . 45 47 141 Average Temperature 23 | . . . . . . 32 14 32 Received Heat Transfer 282 | . 12 . . . 9 99 126 36 Siege Activations . | . . . . . . . . . Martial Activations . | . . . . . . . . . Shielding Activations . | . . . . . . . . . Robots Disrupted . | . . . . . . . . . Combat Hostiles . | . . . . . . . . . Robots Corrupted 2 | . . . . 1 . 1 . . Combat Hostiles 1 | . . . . 1 . . . . Parts Fried 11 | . . . . 2 1 8 . . Impact Corruptions . | . . . . . . . . . Robots Melted . | . . . . . . . . . Combat Hostiles . | . . . . . . . . . Parts Melted 8 | . . . . . . 2 5 1 Heat Transferred 1689 | . . . . . . 322 867 500 Parts Sabotaged . | . . . . . . . . . Parts Stolen . | . . . . . . . . . Parts Stripped . | . . . . . . . . . Power Chain Reactions 1 | . . . . . . 1 . . Alert | -11 -10 -10 -10 -9 -8 -7 -7 -7 ------- Run | Yrd Mat Min Exi Min Mat Fac Gar Fac Maximum Alert Level 1 | . . . . . . . 1 . Low Security (%) 93 | 100 100 100 . 100 100 100 54 100 Level 1 6 | . . . . . . . 45 . Level 2 . | . . . . . . . . . Level 3 . | . . . . . . . . . Level 4 . | . . . . . . . . . Level 5 . | . . . . . . . . . High Security . | . . . . . . . . . Max Security . | . . . . . . . . . Peak Influence 223 | . . 15 . 80 198 146 223 115 Initial 115 | . . . . . 11 18 79 115 Average 45 | . . . . 41 29 56 163 15 Influence Increases 1149 | . . 15 . 120 283 467 204 60 Destroy 0b10 Robot/C 800 | . . . . 80 200 300 180 40 Destroy 0b10 Robot/NC 35 | . . . . . 5 30 . . Destroy Leader 142 | . . . . 10 40 62 10 20 Allied During Kill 26 | . . . . . 4 22 . . Trap Triggered on 0b10 20 | . . . . . . 20 . . Successful Hack 14 | . . . . . . . 14 . Disable Machine 45 | . . . . 15 30 . . . Destroy Structure 7 | . . . . . 4 3 . . Lose Combat Pursuer 60 | . . 15 . 15 . 30 . . Influence Decreases 1149 | . . 15 . 90 273 393 97 281 Entered New Map 182 | . . . . . 19 22 35 106 Time Decay 645 | . . 15 . 90 84 281 . 175 Lost Part 120 | . . . . . . 70 50 . Lost Ally 40 | . . . . . 20 20 . . Purge Threat 150 | . . . . . 150 . . . Miscellaneous 12 | . . . . . . . 12 . Squads Dispatched 7 | . 1 . . . 1 1 . 4 Investigation 2 | . . . . . 1 . . 1 Extermination 4 | . . . . . . 1 . 3 Reinforcement 1 | . 1 . . . . . . . Assault . | . . . . . . . . . Garrison . | . . . . . . . . . Intercept . | . . . . . . . . . Searches Triggered . | . . . . . . . . . Construction Impeded . | . . . . . . . . . Haulers Reinforced . | . . . . . . . . . Active Scanning Responses . | . . . . . . . . . Cargo Convoy Interrupts . | . . . . . . . . . Stealth | -11 -10 -10 -10 -9 -8 -7 -7 -7 --------- Run | Yrd Mat Min Exi Min Mat Fac Gar Fac Distress Signals 2 | . 2 . . . . . . . Communications Jammed . | . . . . . . . . . Distress Signals . | . . . . . . . . . Times Spotted 65 | . 4 2 . 5 11 22 17 4 Peak Tracking Total 6 | . 3 2 . 2 4 5 6 2 Tactical Retreats 3 | . . 1 . 1 . 1 . . Traps | -11 -10 -10 -10 -9 -8 -7 -7 -7 ------- Run | Yrd Mat Min Exi Min Mat Fac Gar Fac Traps Triggered 2 | . 1 . . . 1 . . . Indirectly . | . . . . . . . . . Trap Hack Attempts . | . . . . . . . . . Triggered . | . . . . . . . . . Disarmed . | . . . . . . . . . Reprogrammed 4 | . . . . . . 4 . . Reused 2 | . . . . . . 2 . . Traps Extracted . | . . . . . . . . . Installed . | . . . . . . . . . Triggered 2 | . . . . . . 2 . . Machines | -11 -10 -10 -10 -9 -8 -7 -7 -7 ---------- Run | Yrd Mat Min Exi Min Mat Fac Gar Fac Machines Disabled 3 | . . . . 1 2 . . . Max in Single Turn 2 | . . . . 1 2 . . . Machines Repaired . | . . . . . . . . . Machines Dismantled . | . . . . . . . . . Machines Sabotaged . | . . . . . . . . . Overloaded Fab Kills . | . . . . . . . . . Hacking | -11 -10 -10 -10 -9 -8 -7 -7 -7 --------- Run | Yrd Mat Min Exi Min Mat Fac Gar Fac Machines Accessed 16 | . . . 1 . 5 8 1 1 Terminals 7 | . . . . . 3 2 1 1 Fabricators 2 | . . . . . . 2 . . Repair Stations 2 | . . . . . 1 1 . . Recycling Units 1 | . . . . . . 1 . . Scanalyzers . | . . . . . . . . . Garrison Access 3 | . . . . . 1 2 . . Total Hacks 73 | . . . 3 . 33 32 1 4 Successful 60 | . . . 3 . 29 27 1 . Failed 11 | . . . . . 2 5 . 4 Catastrophic 1 | . . . . . . . . 1 Database Lockouts 2 | . . . . . 2 . . . Manual 51 | . . . . . 30 17 . 4 Terminals 50 | . . . . . 28 17 1 4 Fabricators 9 | . . . . . . 9 . . Repair Stations 3 | . . . . . 1 2 . . Recycling Units 1 | . . . . . . 1 . . Scanalyzers . | . . . . . . . . . Garrison Access 7 | . . . . . 4 3 . . Terminal Hacks 42 | . . . 3 . 24 14 1 . Record 7 | . . . 3 . 4 . . . Part Schematic 3 | . . . . . . 3 . . Robot Analysis 11 | . . . . . 10 1 . . Prototype ID Bank 4 | . . . . . 2 2 . . Level Access Points 1 | . . . . . 1 . . . Branch Access Points 2 | . . . . . 1 1 . . Emergency Access Points 2 | . . . . . 1 1 . . Machine Index 2 | . . . . . 1 1 . . Unreport Threat 1 | . . . . . 1 . . . Locate Traps 3 | . . . . . 1 2 . . Reprogram Traps 1 | . . . . . . 1 . . Dispatch Records 1 | . . . . . . 1 . . Recall Investigation 1 | . . . . . 1 . . . Recall Reinforcements 1 | . . . . . 1 . . . Zone Layout 1 | . . . . . . 1 . . Patrol Navigation 1 | . . . . . . . 1 . Fabricator Hacks 2 | . . . . . . 2 . . Network Status 1 | . . . . . . 1 . . Build 1 | . . . . . . 1 . . Repair Station Hacks 2 | . . . . . . 2 . . Refit 2 | . . . . . . 2 . . Recycling Unit Hacks . | . . . . . . . . . Scanalyzer . | . . . . . . . . . Garrison Access Hacks 2 | . . . . . 1 1 . . Unlock Access 1 | . . . . . . 1 . . Coupler Status 1 | . . . . . 1 . . . Unauthorized Hacks 12 | . . . . . 4 8 . . Terminals . | . . . . . . . . . Fabricators 5 | . . . . . . 5 . . Prioritize 1 | . . . . . . 1 . . Liberate 2 | . . . . . . 2 . . Fabnet 2 | . . . . . . 2 . . Repair Stations 1 | . . . . . 1 . . . Patch 1 | . . . . . 1 . . . Recycling Units 1 | . . . . . . 1 . . Mask 1 | . . . . . . 1 . . Scanalyzers . | . . . . . . . . . Garrison Access 5 | . . . . . 3 2 . . Reprogram 2 | . . . . . 1 1 . . Intercept 1 | . . . . . 1 . . . Watchers 2 | . . . . . 1 1 . . Data Cores Recovered 1 | . . . . . 1 . . . Used 1 | . . . . . 1 . . . Hacking Detections 8 | . . . . . 3 3 1 1 Full Trace Events 1 | . . . . . . . . 1 Feedback Events . | . . . . . . . . . Feedback Blocked . | . . . . . . . . . Robot Schematics Acquired . | . . . . . . . . . Robots Built 3 | . . . . . . 3 . . Authchips . | . . . . . . . . . Time 116 | . . . . . . 116 . . Total Robot Build Rating 9 | . . . . . . 9 . . Part Schematics Acquired 3 | . . . . . . 3 . . Parts Built . | . . . . . . . . . Authchips . | . . . . . . . . . Time . | . . . . . . . . . Total Part Build Rating . | . . . . . . . . . Parts Repaired . | . . . . . . . . . Time . | . . . . . . . . . Parts Recycled . | . . . . . . . . . Recycled Matter . | . . . . . . . . . Retrieved Matter . | . . . . . . . . . Retrieved Components . | . . . . . . . . . Parts Scanalyzed . | . . . . . . . . . Part Schematics Acquired . | . . . . . . . . . Parts Damaged . | . . . . . . . . . Bothacking | -11 -10 -10 -10 -9 -8 -7 -7 -7 ------------ Run | Yrd Mat Min Exi Min Mat Fac Gar Fac Used RIF Installer . | . . . . . . . . . Robots Hacked 2 | . . . . . . . 2 . Non-combat . | . . . . . . . . . Combat 2 | . . . . . . . 2 . Robot Hacks Applied 2 | . . . . . . . 2 . find_shortcuts 2 | . . . . . . . 2 . Relay Couplers Released . | . . . . . . . . . Fabnet Peak Effective % . | . . . . . . . . . Robots Rewired . | . . . . . . . . . Allies Hacked . | . . . . . . . . . Hacks Repelled . | . . . . . . . . . Allies | -11 -10 -10 -10 -9 -8 -7 -7 -7 -------- Run | Yrd Mat Min Exi Min Mat Fac Gar Fac Total Allies 5 | . . 1 . 1 . 3 . . Largest Group 3 | . . 1 . 1 1 3 . . Highest-Rated Group 48 | . . 31 . 31 31 48 . . Highest-Rated Ally 31 | . . 31 . 31 31 16 . . Total Orders . | . . . . . . . . . Ally Attacks 28 | . . 6 . . 4 18 . . Total Damage 343 | . . 86 . . 21 236 . . Kills 1 | . . . . . . 1 . . Allies Corrupted . | . . . . . . . . . Allies Melted . | . . . . . . . . . Intel | -11 -10 -10 -10 -9 -8 -7 -7 -7 ------- Run | Yrd Mat Min Exi Min Mat Fac Gar Fac Active Infowar (turns) . | . . . . . . . . . Robot Analysis Total 12 | . . . . . 10 1 1 . Derelict Logs Recovered 1 | . . . . 1 . . . . Drone Launches . | . . . . . . . . . Drone Recoveries . | . . . . . . . . . Exploration | -11 -10 -10 -10 -9 -8 -7 -7 -7 ------------- Run | Yrd Mat Min Exi Min Mat Fac Gar Fac Turns Passed 3448 | 9 285 333 111 217 241 643 505 1104 Spaces Moved 2599 | 18 235 271 174 185 284 739 298 395 Core 123 | 18 7 3 92 . . . 3 . Treads 553 | . . . . . . . 158 395 Legs 496 | . 228 268 . . . . . . Wheels . | . . . . . . . . . Hover 1427 | . . . 82 185 284 739 137 . Flight . | . . . . . . . . . Fastest Speed 50 | 50 50 50 50 80 80 80 50 160 Average Speed 106 | 50 119 119 64 80 80 80 145 160 Slowest Speed 240 | 50 150 120 80 80 80 80 240 160 Overloaded Moves . | . . . . . . . . . Propulsion Burnouts . | . . . . . . . . . Robots Hopped . | . . . . . . . . . Potential Cave-ins . | . . . . . . . . . Cave-ins Triggered . | . . . . . . . . . Exploration Rate (%) 31 | 4 36 46 52 40 32 24 44 9 Regions Visited 8 Branch Regions 3 Pre-discovered Areas 3 | . . . 1 2 . . . . Known Exits Taken 2 | . . . . . 1 1 . . Unknown Exits Taken 5 | 1 1 1 1 1 . . . . Scrap Searched . | . . . . . . . . . Spaces Dug . | . . . . . . . . . Terrain Destroyed 7 | . . . . . 4 3 . . Melee . | . . . . . . . . . Projectile . | . . . . . . . . . AOE 7 | . . . . . 4 3 . . Terrain Rammed . | . . . . . . . . . Walls Destroyed . | . . . . . . . . . Machines Disabled . | . . . . . . . . . Actions | -11 -10 -10 -10 -9 -8 -7 -7 -7 --------- Run | Yrd Mat Min Exi Min Mat Fac Gar Fac Total 3204 | 17 240 280 173 253 297 777 323 844 Wait 562 | . 4 8 . 69 14 28 3 436 Move 2592 | 17 234 270 173 184 283 739 297 395 Hop . | . . . . . . . . . Pick Up 3 | . 1 . . . . . 1 1 Fast Attach . | . . . . . . . . . Attach . | . . . . . . . . . Detach . | . . . . . . . . . Swap . | . . . . . . . . . Drop 2 | . 1 . . . . . . 1 Fire 43 | . . . . . . 10 22 11 Melee . | . . . . . . . . . Ram . | . . . . . . . . . Kick 1 | . . 1 . . . . . . Crush . | . . . . . . . . . Escape Stasis . | . . . . . . . . . Rewire 1 | . . 1 . . . . . . Trap . | . . . . . . . . . Miscellaneous . | . . . . . . . . . Route ------- -11/Scrapyard -10/Materials (discovered 2 exits: [*Min] / [*Sub]) -10/Mines (discovered 3 exits: [*Mat x2] / *Exi) -10/Exiles -9/Mines -8/Materials (discovered 3 exits: *Fac x3) -7/Factory (discovered 3 exits: Low x2 / Gar) -7/Garrison -7/Factory History --------- Turn | Location | Event 4 | -11/Scrapyard | Discovered new exit (range 14) 10 | -11/Scrapyard | Entered Materials 11 | -10/Materials | Met a group of wandering Federalists 208 | -10/Materials | Discovered new exit (range 7) 285 | -10/Materials | Discovered new exit (range 9) 295 | -10/Materials | Entered Mines 328 | -10/Mines | Assembled infested the area 390 | -10/Mines | Discovered new exit (range 5) 416 | -10/Mines | Received a Mining Laser from a helpful Derelict 603 | -10/Mines | Discovered new exit (range 3) 621 | -10/Mines | Deemed a non-threat by the Exiles lab entrance 621 | -10/Mines | Discovered new exit (range 5) 628 | -10/Mines | Entered Exiles 641 | -10/Exiles | Met 8R-AWN 650 | -10/Exiles | Met EX-HEX 668 | -10/Exiles | Met EX-DEC 675 | -10/Exiles | Took control of EX-DEC (ally) 709 | -10/Exiles | Learned location of Zion (-7) 732 | -10/Exiles | Discovered new exit (range 10) 739 | -10/Exiles | Left Exiles lab with Deploy-a-Sentry 739 | -10/Exiles | Entered Mines 818 | -9/Mines | Discovered new exit (range 9) 843 | -9/Mines | Escorted by a lone wolf Derelict 865 | -9/Mines | Learned location of Storage (-9) 956 | -9/Mines | Entered Materials 956 | -8/Materials | Accompanied by 1 ally 1087 | -8/Materials | Identified exit to Factory 1092 | -8/Materials | Destroyed 8 combat bots 1118 | -8/Materials | Central database locked down 1118 | -8/Materials | Central database locked down 1197 | -8/Materials | Entered Factory 1382 | -7/Factory | Identified exit to Lower Caves 1407 | -7/Factory | Fabricated G-47 Trooper (x3) 1663 | -7/Factory | P-60 Hacker assimilated allied Trooper 4b 1781 | -7/Factory | Lost 7 parts (5u2w) 1840 | -7/Factory | Identified exit to Garrison 1840 | -7/Factory | Entered Garrison 1950 | -7/Garrison | Triggered checkpoint 1950 | -7/Garrison | Triggered checkpoint 1950 | -7/Garrison | Triggered checkpoint 1955 | -7/Garrison | Core integrity fell below 50% 1981 | -7/Garrison | Lost 3 parts (1p2u) 1999 | -7/Garrison | Found Deploy-a-Sentry 2086 | -7/Garrison | Triggered checkpoint 2098 | -7/Garrison | Core integrity fell below 20% 2316 | -7/Garrison | Discovered new exit (range 15) 2345 | -7/Garrison | Entered Factory 3449 | -7/Factory | Destroyed by G-47 Trooper with Particle Gun Last Messages --------------- 02749_ ALERT: All DSF locations entering lockdown mode. 02752_ P-60 Hacker destroyed. 02755_ Acquired 24 Protomatter. 02758_ Acquired Gravmag System. 02761_ Dropped Gravmag System. 02861_ ALERT: Potential suspicious activity detected, Programmers report to Factory Zone 6G. 03147_ ALERT: Cargo convoy en route, clear transfer corridor. 03222_ ALERT: Potential suspicious activity detected, Programmers report to Factory Zone 2A. 03362_ Imp. Heat Sink destroyed. 03364_ Destroyed Gravmag System. 03364_ Target Analyzer melted. 03364_ P-60 Hacker destroyed. 03368_ K-01 Serf collects debris. 03369_ Acquired 33 Protomatter. 03372_ K-01 Serf collects debris. 03440_ C-30 ARC bursts open, deploying its payload. 03440_ L-41 Fighter unfolds itself. 03447_ Imp. Deuterium Engine destroyed. Map ----- +----------------------------------------------------+ | ?????????????????????????????????????????????????? | | ?????????????????????????????????????????????????? | | ?????????????????????????????????????????????????? | | ?????????????????????????????????????????????????? | | ?????????????????????????????????????????????????? | | ?????????????????????????????????????????????????? | | ?????????????????????????????????????????????????? | | ?????????????????????????????????????????????????? | | ?????????????????????????????????????????????????? | | ??????????????????????##??##?????????????????????? | | ###?????????????????# ?? ???????????????????? | | ??????????????? ? ##?????????????????? | | ?????????????? ????????????????? | | ????????????? T ????????????????? | | ????????????? "" ????????????????? | | ??????????????? ?????????????????? | | ???????????????? ?????????????????? | | ?????????????????? #??????????????????? | | #??????????????????? ???????????????????? | | #???????????????????# #????????????????????? | | #???????????????????# ###??????????????????? | | #???????????????????# % +??????????????????? | | ##################### g#????????????????????? | | #????????????????????? | | l #????????????????????? | | Y #????????????????????? | | #######################/###????????????????????? | | #????????????????????? ??????????????????????? | | ###????????????????????? ??????????????????????? | | ??????????????????????? ?????????????????????? | | ??????????????????????? ?????????????????????? | | ?????????????????????? ????????????????????? | | ?????????????????????? ????????????????????? | | ??????????????????????#######????????????????????? | | | | | | | | | | | | | | | | | | | | | | | | | | | | | | | | | +----------------------------------------------------+ Best States ------------- Heat Dissipation 43 Energy Generation 23 Energy Capacity 240 Matter Stores 92 Matter Capacity 100 Sight Range 16 Terrain Scan Density 10 Armor Coverage 150 Resistance: EX 50 Resistance: EM 90 Resistance: I 25 Evasion (%) 55 Launcher Accuracy 40 Target Analysis 6 Core Analysis 8 Armor Integrity Analysis 40 Recoil Reduction 2 Offensive Hacking 70 Defensive Hacking 56 Item Schematics ----------------- Gauss Cannon | -7/Factory | Hacked Hvy. Treads | -7/Factory | Hacked Imp. Core Shielding | -7/Factory | Hacked Robot Schematics ------------------ None Fabricated ------------ G-47 Trooper | x3 | -7/Factory | Preloaded Repaired ---------- Nothing Alien Tech Used ----------------- None Achievements -------------- None Challenges ------------ None Polymind | -11 -10 -10 -10 -9 -8 -7 -7 -7 ---------- Run | Yrd Mat Min Exi Min Mat Fac Gar Fac Hosts 5 | . 2 . 1 . . . 2 . Combat Hostiles 2 | . . . . . . . 2 . Allies 3 | . 2 . 1 . . . . . Unique Host Classes 3 | . 1 . 1 . . . 1 . Average Host Suspicion 78 | . 52 39 . 87 86 95 84 83 Unsuspicious Activity 47 | . 6 . 16 . . . 25 . Returns to Shadow . | . . . . . . . . . Fuzzy Dispatches 4 | . . . . . . 1 . 3 Protomatter Created 348 | . 31 48 . 28 34 128 22 57 Used 149 | . 14 . 33 . . . 102 . Decayed 31 | . 18 . . . . 13 . . Highest Spend 51 | . 7 . 33 . . . 51 . Top 5 Hosts by Kills: EX-DEC (-10/Exiles: 28) Y-54 Guardian (-7/Garrison: 8) Y-54 Guardian (-7/Garrison: 3) Game ------ Seed MomentumSkeletonRail Manual? 0 Play Time 00:28:46 Cumulative 158.1 hours Start 2025.05.28 @ 16:27:55 End 2025.05.28 @ 16:59:15 Sessions 1 Manual Loads 0 Difficulty Rogue Special Mode Winter2022/Polymind Game No. 236 Rogue 233 Adventurer 3 Explorer 0 Win Type - Total 1 Types 1/0/0/0/0/0/0/0/0/0 Lore% 48 Gallery% 56 Achievement% 45 Wizard Run 0 Options --------- Layout 0 ASCII 0 Keyboard 0 Movement Mouse Keybinds 0 Fullscreen 2 Font 18/SmallcapsGlow Map View 76x50 Zoom Use 0% Tactical HUD 1 Map Filters NONE Filters NONE Steam 1 RUN: ddcaf9b9-d7f8-4dbd-8e3a-844141d3d9b6